 Dungeon Crawl Stone Soup version 0.23.0-38-g208d714 (webtiles) character file.

Game seed: 7766754777992407231

440 glosham the Skirmisher (level 6, -1/130 HPs)
             Began as a Centaur Conjurer on Feb 24, 2019.
             Was a Believer of Trog.
             Slain by Duvessa
             ... wielding a +4 short sword of speed
              (5 damage)
             ... on level 4 of the Dungeon on Feb 28, 2019.
             The game lasted 00:55:52 (6085 turns).

glosham the Skirmisher (Centaur Conjurer)           Turns: 6085, Time: 00:55:52

Health: -1/130     AC: 23    Str: 17    XL:     6   Next: 70%
Magic:  8/8        EV:  1    Int: 19    God:    Trog [**....]
Gold:   240        SH:  0    Dex: 15    Spells: 8/8 levels left

rFire    + . .     SeeInvis .   a - +0 dire flail
rCold    . . .     Gourm    .   (shield currently unavailable)
rNeg     + + +     Faith    .   (armour currently unavailable)
rPois    +         Spirit   .   (helmet currently unavailable)
rElec    .         Reflect  .   (cloak currently unavailable)
rCorr    .         Harm     .   (gloves currently unavailable)
MR       .....     NoTele   +   (no barding)
Stlth    ..........             (no amulet)
HPRegen  0.31/turn              A - ring of protection from fire
MPRegen  0.11/turn              B - ring of poison resistance

@: brilliant, agile, berserking, tree-form, very quick
A: large, deterioration 1, MP-powered wands
a: Berserk, Trog's Hand, Renounce Religion


You were on level 4 of the Dungeon.
You worshipped Trog.
Trog was pleased with you.
You were not hungry.
You were a tree.
You visited 1 branch of the dungeon, and saw 4 of its levels.

You collected 240 gold pieces.

Inventory:

Hand Weapons
 a - a +0 dire flail (weapon)
 b - a +0 trident
 c - a +0 hunting sling
 d - a +0 mace
 j - a +0 war axe
 q - a +0 rapier
 t - a +0 hand axe
 C - a +0 flail
Missiles
 g - 91 stones
 k - 4 javelins (quivered)
 m - 66 bolts
 s - 3 tomahawks of returning
 D - 15 poisoned needles
 E - 21 arrows
Armour
 V - a +1 pair of gloves (melded)
 X - a +1 scale mail of poison resistance (melded)
Jewellery
 A - a ring of protection from fire (left branch)
 B - a ring of poison resistance (right branch)
 S - an uncursed ring of resist corrosion
Wands
 h - a wand of flame (49)
 x - a wand of enslavement (4)
Scrolls
 l - 2 scrolls of immolation
 n - a scroll of fear
 o - a scroll of remove curse
 p - a scroll of identify
 H - a scroll of magic mapping {unknown}
Potions
 r - a potion of curing
 y - 2 potions of might
 G - a potion of haste {unknown}
Comestibles
 e - 3 rations
 F - a chunk of flesh


   Skills:
 * Level 6.6 Fighting
 - Level 1.2 Armour
 - Level 1.3 Dodging
 - Level 1.1 Stealth
 - Level 1.5 Spellcasting
   Level 3.6 Conjurations


You had 8 spell levels left.
You didn't know any spells.
Your spell library contained the following spells:

 Spells                   Type           Power        Failure   Level  Hunger
 Magic Dart               Conj           ####         1%          1    ##.....
 Searing Ray              Conj           ####..       1%          2    ###....
 Dazzling Spray           Conj/Hex       ###...       3%          3    ####...
 Iskenderun's Mystic Bla  Conj           ####....     4%          4    #####..
 Force Lance              Conj/Tloc      ###.....     10%         4    #####..
 Fulminant Prism          Conj/Hex       ###.......   10%         4    #####..


Dungeon Overview and Level Annotations

Branches:
Dungeon (4/15)
 Temple: D:4-7

Altars:
Sif Muna
Trog
Uskayaw
The Shining One

Annotations:
D:4 Duvessa


Innate Abilities, Weirdness & Mutations

((You have hooves in place of feet.))
((Armour fits poorly on your strangely shaped body.))
((You cover ground very quickly.))
((You have extremely tough skin. (AC +3)))
((You have a pair of small antennae on your head.))
Your body sometimes deteriorates upon taking damage.
You expend magic power (3 MP) to strengthen your wands.


Message History

Okay, then.
Something hits Duvessa but does no damage.
Duvessa barely misses something.
Duvessa says to something, "When magic and the sword combine, nothing stands against them."
Duvessa hits something with a +4 short sword of speed!
Something hits Duvessa but does no damage.
Duvessa hits something with a +4 short sword of speed.
Something hits Duvessa but does no damage.
Duvessa hits something with a +4 short sword of speed!
Duvessa screams in horror.
Duvessa goes berserk!
It was a potion of agility.
You feel agile all of a sudden.
Duvessa rages.
It was a potion of mutation.
You feel extremely strange.
You feel your magical essence link to your wands.
You feel yourself wasting away. A pair of antennae grows on your head!
Evoke which item? (* to show all) (? for menu, Esc to quit)
Aiming: Enslavement
Press: ? - help, Shift-Dir - straight line, f - Duvessa
Aim: Duvessa, wielding a +4 short sword of speed and wearing a cursed +0 leather armour (severely wounded, berserk, fast, unusually strong, chance to defeat MR: 32%)
Okay, then.
Evoke which item? (* to show all) (? for menu, Esc to quit)
Okay, then.
It was a potion of lignification.
You turn into a tree.
Your +1 pair of gloves melds into your body.
Your +1 scale mail of poison resistance melds into your body.
Your roots penetrate the ground.
It was a potion of brilliance.
You feel clever all of a sudden. Duvessa hits you but does no damage.
It was a potion of flight.
Your roots keep you in place.
Duvessa hits you but does no damage. x2
It was a potion of berserk rage.
A red film seems to cover your vision as you go berserk!
You feel yourself moving faster!
You feel mighty!
Duvessa hits you with a +4 short sword of speed!
* * * LOW HITPOINT WARNING * * *
Duvessa hits you with a +4 short sword of speed.
You die...

#.# #.....# # #>#
#.....# ### .# #.#
#.....# #.. . #.#
#.....# #.#.# #.#
#.<...#.##.#.# ##.#
#######...e..# #..#
#######.# #.##
#.e.....# #.#
#♣####..#
#.#########.#.....#
#.##..........##.##
#.##.######.####.#
#....# #.# #.#
###### #.. ..# ####
###


You could see Duvessa (berserk).

Vanquished Creatures
  A scorpion (D:3)
  4 orc priests (D:3)
  A bullfrog skeleton (D:4)
  An iguana (D:4)
  2 worker ants (D:4)
  3 adders
  An ooze (D:2)
  An adder skeleton (D:4)
  5 worms
  2 dart slugs
  6 leopard geckos
  10 orcs
  13 bats
  6 giant cockroaches
  7 goblins
  6 hobgoblins
  14 jackals
  5 kobolds
  3 quokkas
  A ball python (D:2)
  4 frilled lizards
  9 rats
105 creatures vanquished.

Vanquished Creatures (others)
  Dowan (D:4)
1 creature vanquished.

Grand Total: 106 creatures vanquished

Notes
Turn   | Place    | Note
-------+----------+-------------------------------------------
     0 | D:1      | glosham the Centaur Conjurer began the quest for the Orb.
     0 | D:1      | Reached XP level 1. HP: 14/14 MP: 3/3
   148 | D:1      | Reached skill level 1 in Fighting
   331 | D:1      | Reached XP level 2. HP: 24/24 MP: 0/4
   729 | D:2      | Reached skill level 2 in Fighting
  1172 | D:2      | Reached XP level 3. HP: 30/30 MP: 0/5
  1299 | D:2      | Reached skill level 3 in Fighting
  1521 | D:2      | Found a bloodstained altar of Trog.
  1521 | D:2      | Found a hide-covered altar of Uskayaw.
  1549 | D:2      | Became a worshipper of Trog the Wrathful
  1773 | D:2      | Found a faded altar of an unknown god.
  2217 | D:3      | Reached XP level 4. HP: 34/38 MP: 6/6
  2613 | D:3      | Reached skill level 4 in Fighting
  2613 | D:3      | Reached skill level 1 in Armour
  2643 | D:3      | HP: 4/40 [poisoned by a scorpion]
  2651 | D:2      | HP: 3/40 [poisoned by a scorpion]
  3061 | D:3      | Reached XP level 5. HP: 33/47 MP: 7/7
  3458 | D:3      | Reached * piety under Trog
  4143 | D:3      | Reached skill level 5 in Fighting
  4505 | D:3      | Reached XP level 6. HP: 42/56 MP: 8/8
  4899 | D:3      | Found a deep blue altar of Sif Muna.
  5368 | D:4      | Reached skill level 6 in Fighting
  5814 | D:4      | Upgraded the game from 0.23.0-3-gf3c87f2 to
                  | 0.23.0-38-g208d714
  5945 | D:4      | Found a glowing golden altar of the Shining One.
  5986 | D:4      | Reached ** piety under Trog
  6062 | D:4      | Noticed Dowan
  6064 | D:4      | Noticed Duvessa
  6074 | D:4      | HP: 5/58 [Duvessa/+4 short sword of speed (9)]
  6079 | D:4      | Your ally died
  6081 | D:4      | Gained mutation: You expend magic power (3 MP) to
                  | strengthen your wands. [potion of mutation]
  6081 | D:4      | Gained mutation: Your body sometimes deteriorates upon
                  | taking damage. [potion of mutation]
  6081 | D:4      | Gained mutation: You have a pair of small antennae on your
                  | head. [potion of mutation]
  6085 | D:4      | HP: 4/130 [Duvessa/+4 short sword of speed (12)]
  6085 | D:4      | Slain by Duvessa

Skill      XL: |  1  2  3  4  5  6 |
---------------+-------------------+-----
Fighting       | 1 2 3 4 5 6 |  6.6
Armour         | 1 |  1.2
Dodging        | |  1.3
Stealth        | |  1.1
Spellcasting   | |  1.5
Conjurations   | |  3.6

Action                   |  1- 3 |  4- 6 || total
-------------------------+-------+-------++-------
Melee: Dagger            |   184 |   171 ||   355
       Kick              |    17 |    44 ||    61
       Trident           |       |    32 ||    32
       War axe           |       |    70 ||    70
       Dire flail        |       |    80 ||    80
Throw: Javelin           |       |     8 ||     8
 Cast: Magic Dart        |    42 |       ||    42
Invok: Berserk           |       |     4 ||     4
Evoke: Wand              |       |     5 ||     5
  Use: Scroll            |     6 |     3 ||     9
       Potion            |       |     7 ||     7
  Eat: Chunk             |     5 |    11 ||    16
       Ration            |       |     1 ||     1
Armor: Robe              |    62 |       ||    62
       Scale mail        |    28 |   216 ||   244
       Skin              |       |     3 ||     3
Dodge: Dodged            |    82 |   142 ||   224

Table legend:
 A = Turns spent in this place as a percentage of turns spent in the entire game.
 B = Non-inter-level travel turns spent in this place as a percentage of non-inter-level travel turns spent in the entire game.
 C = Inter-level travel turns spent in this place as a percentage of turns spent in this place.
 D = Turns resting spent in this place as a percentage of non-inter-level travel turns spent in this place.
 E = Turns spent auto-exploring this place as a percentage of non-inter-level travel turns spent in this place.
 F = Non-inter-level travel turns spent in this place divided by the number of levels of this place that you've seen.
                   A       B       C       D       E      F
               +-------+-------+-------+-------+-------+----------------------
         Total | 100.0 | 100.0 |   5.6 |  39.2 |   6.5 | 1436.2
       Dungeon | 100.0 | 100.0 |   5.6 |  39.2 |   6.5 | 1436.2
               +-------+-------+-------+-------+-------+----------------------

Table legend:
 A = Kills in this place as a percentage of kills in entire the game.
 B = Kills by you in this place as a percentage of kills by you in the entire game.
 C = Kills by friends in this place as a percentage of kills by friends in the entire game.
 D = Other kills in this place as a percentage of other kills in the entire game.
 E = Experience gained in this place as a percentage of experience gained in the entire game.
 F = Experience gained in this place divided by the number of levels of this place that you have seen.
                   A       B       C       D       E      F
               +-------+-------+-------+-------+-------+----------------------
         Total | 100.0 | 100.0 |   N/A |   N/A | 100.0 | 157.2
       Dungeon | 100.0 | 100.0 |   N/A |   N/A | 100.0 | 157.2
               +-------+-------+-------+-------+-------+----------------------

Levels and vault maps discovered:
D:1:      elethiomel_arrival_infinity_welcomes_careful_drivers, layout_rooms
D:2:      layout_loops_cross, chequers_temple_overflow_statue_of_worship,
          chequers_ecumenical_altar_simple_redux
D:3:      cheibrodos_pilgrimage, layout_basic, marbit_many_paths
D:4:      layout_loops_cross, tso_altar, uniq_duvessa
